AoeStats
← Nou Mene

Nomad

510439484Analyzed
2v2 RM · 23h ago on Oct 1, 2026· 37m 1s· 4 players
Game mode
Random Map
Map size
176×176
Population
200
Speed
Normal
Resources
Standard
Victory
Conquest
Starting age
Dark Age
Ending age
Imperial Age
RankedLock teamsTeams togetherTeam positionsShared explorationLock speedFull tech treeHidden civsTurbo modeCheats
Victory
Defeat
🇺🇸 Koreans · United States
1002
+17
🇭🇰 Huns · Hong Kong SAR China
966
+19
🇨🇱 Bengalis · Chile
1058
-19
🇨🇱 Cumans · Chile
997
-17
yerkez
11:06 Loom
13:32 Feudal Age
17:03 Castle Age
19:36 Fletching
20:15 Bodkin Arrow
20:27 Padded Archer Armor
21:00 Scale Mail Armor
27:21 Husbandry
28:41 Forging
Nou Mene
14:33 Feudal Age
14:37 Loom
16:05 Double-Bit Axe
18:52 Horse Collar
24:01 Castle Age
24:05 Fletching
26:21 Crossbowman
32:30 Scale Barding Armor
33:23 Bodkin Arrow
34:55 Heavy Plow
35:08 Bow Saw
Quack Y Attack
5:24 Loom
13:53 Feudal Age
14:37 Double-Bit Axe
16:16 Horse Collar
20:00 Castle Age
18:08 Gold Mining
19:47 Scale Mail Armor
21:23 Bow Saw
22:40 Stone Mining
23:46 Forging
25:21 Squires
27:11 Wheelbarrow
34:23 Imperial Age
35:00 Chain Mail Armor
35:29 Iron Casting
35:27 Elite Fire Lancer
37:26 Plate Mail Armor
vincentballack
11:15 Loom
15:27 Feudal Age
16:08 Double-Bit Axe
20:06 Castle Age
17:57 Fishing Lines
19:09 Scale Barding Armor
19:33 Stone Mining
22:44 Gillnets
23:39 Bloodlines
26:23 Forging
34:24 Imperial Age
32:39 Iron Casting
35:45 Chain Barding Armor
Connection lost

Rejoining the realm…

Still unreachable

The connection could not be restored.

Session expired

The server has moved on; the page needs a fresh start.